 Dungeon Crawl Stone Soup version 0.19-a0-994-g3c636f0 (webtiles) character file.

93 Charly the Chopper (level 4, 0/39 HPs)
             Began as a Minotaur Monk on July 15, 2016.
             Succumbed to an adder's poison
             ... on level 3 of the Dungeon.
             The game lasted 00:08:19 (536 turns).

Charly the Chopper (Minotaur Monk)                   Turns: 536, Time: 00:08:21

Health: 0/39       AC:  3    Str: 15    XL:     4   Next: 36%
Magic:  3/3        EV: 13    Int:  7    God:
Gold:   80         SH:  0    Dex: 14    Spells: 0 memorised, 3 levels left

rFire  . . .     SeeInvis .     a - +0 hand axe
rCold  . . .     Gourm    .     b - +0 robe
rNeg   . . .     Faith    .     (no shield)
rPois  .         Spirit   .     (helmet restricted)
rElec  .         Dismiss  .     (no cloak)
rCorr  .         Reflect  .     (no gloves)
SustAt .         Harm     .     h - +0 pair of boots
MR     .....                    (no amulet)
Stlth  ++........               (no ring)
                                (no ring)

@: lethally poisoned (0 -> -1), very slightly contaminated, invisible, not
resistant to hostile enchantments, unstealthy
A: retaliatory headbutt, horns 2
a: no special abilities


You were on level 3 of the Dungeon.
You were not hungry.

You visited 1 branch of the dungeon, and saw 5 of its levels.

You collected 80 gold pieces.

Inventory:

Hand Weapons
 a - a +0 hand axe (weapon)
Armour
 b - a +0 robe (worn)
 h - a +0 pair of boots (worn)
Scrolls
 d - a scroll of enchant weapon {unknown}
 e - a scroll of identify
 f - a scroll of teleportation {unknown}
Potions
 k - a potion of haste
Books
 i - a book of Maledictions

   Spells                             Type                      Level
   a - Corona                         Hexes                        1
   b - Ensorcelled Hibernation        Hexes/Ice                    2
   c - Confuse                        Hexes                        3
   d - Tukima's Dance                 Hexes                        3
   e - Dazzling Spray                 Conjuration/Hexes            3
Comestibles
 c - 4 bread rations
 j - a meat ration


   Skills:
 - Level 3.6 Fighting
 + Level 6.3 Axes
 - Level 3.2 Dodging
 - Level 1.5 Stealth


You had 3 spell levels left.
You didn't know any spells.

Dungeon Overview and Level Annotations

Branches:
Dungeon (5/15)
 Temple: D:4-7

Altars:


Innate Abilities, Weirdness & Mutations

You reflexively headbutt those who attack you in melee.
You have a pair of horns on your head.


Message History

Natasha misses you.
You hit Natasha.
Natasha is severely wounded.
* * * LOW HITPOINT WARNING * * *
You feel sick. Natasha misses you.
Unknown command.
You closely miss Natasha.
Natasha is severely wounded.
Natasha hisses.
Natasha closely misses you.
You completely miss Natasha.
Natasha is severely wounded.
Natasha barely misses you. You furiously retaliate!
You headbutt Natasha!
You kill Natasha!
Natasha screams in fury as she dies!
Your Axes skill increases to level 6!
Okay, then.
Drop what? 10/52 slots (_ for help) (? for menu, Esc to quit)
Okay, then.
You die...

####.#### #.....# #...#
#...... #...# #..?.%###
#...# #.......#### #...#
#..........#
###...######........# .
...........#........#...
........................
...†.......#..>.@...#..
###...######........#
#...# #......>...# #...#
#####.###### #...# #.#
#...# #.# ##.## #.# #.#
#.# #..


There were no monsters in sight!

Vanquished Creatures
  Natasha (twice) (D:3)
  3 adders
  2 giant geckos (D:2)
  A bat (D:2)
  3 goblins (D:2)
  A hobgoblin (D:2)
  3 jackals (D:4)
  A giant newt (D:2)
  A rat (D:1)
17 creatures vanquished.

Notes
Turn   | Place    | Note
-------+----------+-------------------------------------------
     0 | D:1      | Charly the Minotaur Monk began the quest for the Orb.
     0 | D:1      | Reached XP level 1. HP: 19/19 MP: 0/0
    63 | D:2      | Reached skill level 4 in Axes
    68 | D:2      | Reached XP level 2. HP: 12/26 MP: 1/1
   180 | D:2      | Reached skill level 5 in Axes
   194 | D:2      | Reached XP level 3. HP: 23/31 MP: 2/2
   260 | D:3      | Noticed Natasha
   330 | D:3      | Killed Natasha
   388 | D:4      | Noticed a scorpion
   419 | D:5      | Entered Level 5 of the Dungeon
   526 | D:3      | Noticed Natasha
   528 | D:3      | Reached XP level 4. HP: 8/39 MP: 3/3
   532 | D:3      | HP: 1/39 [poisoned by an adder]
   534 | D:3      | Killed Natasha
   534 | D:3      | Reached skill level 6 in Axes
   536 | D:3      | Succumbed to an adder's poison

Vault maps used:
D:1:      kennysheep_arrival_seaside
D:2:      first_bread, st_stairs_7
D:3:      uniq_natasha, uniq_jessica, uniq_grinder
D:5:      serial_shops, shop, kennysheep_generic_room_12

Skill      XL: |  1  2  3  4 |
---------------+-------------+-----
Axes           | 4 5 6 |  6.3
Fighting       | |  3.6
Dodging        | |  3.2
Stealth        | |  1.5

Action                   |  1- 3 |  4- 6 || total
-------------------------+-------+-------++-------
Melee: Hand axe          |    31 |     6 ||    37
       Headbutt          |     7 |       ||     7
Throw: Javelin           |     4 |       ||     4
  Use: Potion            |     2 |       ||     2
       Scroll            |     2 |       ||     2
Armor: Robe              |     6 |       ||     6
Dodge: Dodged            |    28 |     6 ||    34
